 Dungeon Crawl Stone Soup version 0.28-a0-726-g4a9143789a (webtiles) character file.

Game seed: 1164838195199643212

1 cheechan the Bolt Thrower (level 1, 0/19 HPs)
             Began as a Naga Hunter on Oct 27, 2021.
             Slain by an endoplasm (2 damage)
             ... on level 1 of the Dungeon.
             The game lasted 00:00:05 (18 turns).

cheechan the Bolt Thrower (Naga Hunter)               Turns: 18, Time: 00:00:06

Health: 0/19       AC:  1    Str: 14    XL:     1   Next: 20%
Magic:  1/1        EV:  9    Int: 11    God:
Gold:   0          SH:  0    Dex: 11    Spells: 0/0 levels left

rFire   . . .      SeeInvis +   a - +1 hand crossbow
rCold   . . .      Faith    .   (no shield)
rNeg    . . .      Spirit   .   c - +0 leather armour
rPois   +          Reflect  .   (no helmet)
rElec   .          Harm     .   (no cloak)
rCorr   .          Rampage  .   (no gloves)
Will    .....                   (no barding)
Stlth   +.........              (no amulet)
HPRegen 0.06/turn               (no ring)
MPRegen 0.07/turn               (no ring)

@: very slow
A: AC +0, large, see invisible, deformed body, poison resistance, slowness 2,
spit poison 1, naga tail 1
a: Spit Poison


You were on level 1 of the Dungeon.
You visited 1 branch of the dungeon, and saw 1 of its levels.

Inventory:

Hand Weapons
 a - a +1 hand crossbow (weapon)
 b - a +0 short sword
Missiles
 d - 13 bolts (quivered ammo)
Armour
 c - a +0 leather armour (worn)


   Skills:
 + Level 2.0 Fighting
 + Level 3.6 Crossbows
 + Level 1.5 Dodging
 + Level 1.5 Stealth


You couldn't memorise any spells.
You didn't know any spells.
Your spell library was empty.

Dungeon Overview and Level Annotations

Branches:
Dungeon (1/15)

Altars:


Innate Abilities, Weirdness & Mutations

Your serpentine skin is tough. (AC +0)
You have supernaturally acute eyesight. (SInv)
Armour fits poorly on your strangely shaped body.
Your system is resistant to poisons. (rPois)
You cover ground very slowly.
You can spit poison.
You have a snake-like lower body.


Message History

The endoplasm hits you but does no damage.
Fire: 18 bolts
Press: ? - help, Q - select action, (/) - cycle Shift-Dir - straight line, f/p - kobold
Aim: a kobold, wielding a +0 club (56% to hit)
You shoot a bolt.
The bolt hits the kobold but does no damage.
The kobold barely misses you. The endoplasm barely misses you.
Fire: 17 bolts
Press: ? - help, Q - select action, (/) - cycle Shift-Dir - straight line, f/p - kobold
Aim: a kobold, wielding a +0 club (56% to hit)
You shoot a bolt. The bolt barely misses the kobold.
The bolt closely misses the goblin.
The kobold hits you with a +0 club. The endoplasm freezes you.
You are frozen.
The kobold barely misses you.
Fire: 16 bolts
Press: ? - help, Q - select action, (/) - cycle Shift-Dir - straight line, f/p - kobold
Aim: a kobold, wielding a +0 club (56% to hit)
You shoot a bolt. The bolt completely misses the kobold.
The bolt hits the goblin!
You kill the goblin!
The endoplasm freezes you.
You are frozen.
The kobold hits you with a +0 club.
* * * LOW HITPOINT WARNING * * *
The endoplasm closely misses you.
Fire: 15 bolts
Press: ? - help, Q - select action, (/) - cycle Shift-Dir - straight line, f/p - kobold
Aim: a kobold, wielding a +0 club (56% to hit)
You shoot a bolt. The bolt barely misses the kobold.
The kobold hits you with a +0 club.
* * * LOW HITPOINT WARNING * * *
The endoplasm hits you.
* * * LOW HITPOINT WARNING * * *
Fire: 14 bolts
Press: ? - help, Q - select action, (/) - cycle Shift-Dir - straight line, f/p - kobold
Aim: a kobold, wielding a +0 club (56% to hit)
You shoot a bolt.
The bolt hits the kobold but does no damage.
The kobold barely misses you. The endoplasm hits you.
You die...

..?.. #.##.#
.....# ##.# #.#
......##.####.##.#
......'(.....<..#
#.#####..####.###
#.#.# #.#
#)##.#.## #K# #.#
#@# #.# #J# #.#
#.. .# +... ##.##
#. #


You could see an endoplasm and a kobold.

Vanquished Creatures
  A goblin (D:1)
1 creature vanquished.

Notes
Turn   | Place    | Note
-------+----------+-------------------------------------------
     0 | D:1      | cheechan the Naga Hunter began the quest for the Orb.
     0 | D:1      | Reached XP level 1. HP: 19/19 MP: 1/1
    18 | D:1      | Slain by an endoplasm

Illustrated notes

Levels and vault maps discovered:
D:1:      roderic_octagonal_star, layout_basic, serial_shops,
          nicolae_shop_behind_doors, basic_ecumenical_altar

Action                   || total
-------------------------++-------
 Fire: Hand crossbow     ||     7
Armor: Leather armour    ||     1
Dodge: Dodged            ||     7

Table legend: (Time is in decaauts)
 A = Elapsed time spent in this place.
 B = Non-inter-level travel time spent in this place.
 C = Inter-level travel time spent in this place.
 D = Time resting spent in this place.
 E = Time spent auto-exploring this place.
 F = Levels seen in this place.
 G = Mean time per level.
                   A        B        C        D        E       F      G
               +--------+--------+--------+--------+--------+-----+--------+
         Total |     24 |     24 |      0 |      0 |      0 |   1 |   24.0 |
       Dungeon |     24 |     24 |      0 |      0 |      0 |   1 |   24.0 |
               +--------+--------+--------+--------+--------+-----+--------+

Top non-repeatable levels by time:
     D:1: 24 daAuts
